 Dungeon Crawl Stone Soup version 0.29-a0-362-g5854e031c7 (webtiles) character file.

Game seed: 4905757609630908891

24 Shayle the Sneak (level 3, 0/22 HPs)
             Began as a Tengu Brigand on Apr 29, 2022.
             Frozen to death by an endoplasm (4 damage)
             ... on level 2 of the Dungeon.
             The game lasted 00:01:52 (887 turns).

Shayle the Sneak (Tengu Brigand)                     Turns: 887, Time: 00:01:53

Health: 0/22       AC:  3    Str: 11    XL:     3   Next: 2%
Magic:  4/4        EV: 12    Int: 13    God:
Gold:   32         SH:  0    Dex: 15    Spells: 2/2 levels left

rFire   . . .      SeeInvis .   l - +2 dagger (elec)
rCold   . . .      Faith    .   (no shield)
rNeg    . . .      Spirit   .   b - +0 robe
rPois   .          Reflect  .   (helmet restricted)
rElec   .          Harm     .   c - +0 cloak
rCorr   .          Rampage  .   (no gloves)
Will    .....                   (boots unavailable)
Stlth   +++.......              (no amulet)
HPRegen 0.07/turn               (no ring)
MPRegen 0.09/turn               (no ring)

@: no status effects
A: beak, talons 3
a: no special abilities


You were on level 2 of the Dungeon.
You visited 1 branch of the dungeon, and saw 2 of its levels.

You collected 32 gold pieces.

Inventory:

Hand Weapons
 a - a +2 dagger
 l - a +2 dagger of electrocution (weapon)
Missiles
 d - 14 poisoned darts (quivered)
 e - 3 curare-tipped darts
 i - 4 silver boomerangs
Armour
 b - a +0 robe (worn)
 c - a +0 cloak (worn)
Scrolls
 f - a scroll of magic mapping {unknown}
 g - a scroll of brand weapon {unknown}
 j - a scroll of identify {unknown}
Potions
 h - a potion of haste {unknown}
 k - 2 potions of curing {unknown}


   Skills:
 + Level 2.5 Fighting
 - Level 2.1 Short Blades
 - Level 2.0 Throwing
 + Level 2.0 Dodging
 + Level 4.3 Stealth


You had 2 spell levels left.
You didn't know any spells.
Your spell library contained the following spells:

 Spells                   Type           Power      Damage    Failure   Level
 Ozocubu's Armour         Ice            0%         N/A       67%         3
 Metabolic Englaciation   Hex/Ice        0%         N/A       100%        5
 Simulacrum               Ice/Necr       0%         N/A       100%        6


Dungeon Overview and Level Annotations

Branches:
Dungeon (1/15)

Altars:


Innate Abilities, Weirdness & Mutations

You have a beak for a mouth.
You have claws for feet.


Message History

You now have 32 gold pieces (gained 7).
You see here a +0 club.
Found a stone staircase leading down.
Found a dagger.
A worm comes into view.
A kobold comes into view.
It is wielding a +2 dagger of electrocution.
Found Great Wizards, Vol.
VII.
The kobold shouts!
An endoplasm comes into view.
The endoplasm moves out of view.
The endoplasm quivers.
The kobold hits you with a +2 dagger of electrocution.
You hit the kobold. Your peck misses the kobold.
The kobold is moderately wounded.
The kobold barely misses you.
You closely miss the kobold. You claw the kobold.
You kill the kobold!
Your Dodging skill increases to level 2!
The endoplasm hits you but does no damage.
You see here a +2 dagger of electrocution.
You barely miss the endoplasm. Your kick misses the endoplasm.
The endoplasm hits you.
l - a +2 dagger of electrocution The endoplasm freezes you.
You are frozen.
You hear the crackle of electricity.
l - a +2 dagger of electrocution (weapon)
The worm bites you.
You hit the worm. You peck the worm.
The worm is heavily wounded.
The endoplasm hits you but does no damage.
You hit the worm. You claw the worm.
The worm is almost dead.
The endoplasm barely misses you. The worm bites you!
* * * LOW HITPOINT WARNING * * *
You hit the worm. Lightning courses through the worm!
You kill the worm!
The endoplasm freezes you.
You are frozen.
You die...

### #.. #.# ###.#
#...# #.#.# .
#...#####....
#....@..:..#
#..#.J.....#
#..#.........
#..##.#.####.
#..##....#
#..##..#... .# #
#..###...###.###.
#..# #... ....
#..# ..#


You could see an endoplasm.

Vanquished Creatures
  An ufetubus (D:2)
  A worm (D:2)
  A dart slug (D:2)
  An endoplasm (D:1)
  A giant cockroach (D:1)
  A hobgoblin (D:2)
  A quokka (D:2)
  3 bats (D:1)
  3 goblins
  4 kobolds
  A rat (D:1)
18 creatures vanquished.

Notes
Turn   | Place    | Note
-------+----------+-------------------------------------------
     0 | D:1      | Shayle the Tengu Brigand began the quest for the Orb.
     0 | D:1      | Reached XP level 1. HP: 12/12 MP: 2/2
     6 | D:1      | Noticed a ragged hierophant
     6 | D:1      | Noticed a tyrant leech
     6 | D:1      | Noticed a komodo dragon
     7 | D:1      | Noticed a yaktaur
     7 | D:1      | Noticed a hell rat
   550 | D:1      | Reached XP level 2. HP: 16/17 MP: 3/3
   682 | D:1      | You fall into a shaft and drop 1 floor!
   817 | D:2      | Reached XP level 3. HP: 22/22 MP: 4/4
   887 | D:2      | Frozen to death by an endoplasm

Illustrated notes

Levels and vault maps discovered:
D:1:      onia_arrival_zoo_common, layout_basic, st_stairs_11,
          minmay_pentomino_o4
D:2:      layout_loops_ring, uniq_natasha

Skill      XL: |  1  2  3 |
---------------+----------+-----
Dodging        | 2 |  2.0
Fighting       | |  2.5
Short Blades   | |  2.1
Throwing       | |  2.0
Stealth        | |  4.3

Action                   || total
-------------------------++-------
Melee: Dagger            ||    41
       Peck              ||     7
       Kick              ||     9
 Stab: Sleeping          ||     5
Armor: Robe              ||    11
Dodge: Dodged            ||    25

Table legend: (Time is in decaauts)
 A = Elapsed time spent in this place.
 B = Non-inter-level travel time spent in this place.
 C = Inter-level travel time spent in this place.
 D = Time resting spent in this place.
 E = Time spent auto-exploring this place.
 F = Levels seen in this place.
 G = Mean time per level.
                   A        B        C        D        E       F      G
               +--------+--------+--------+--------+--------+-----+--------+
         Total |    882 |    882 |      0 |    100 |    619 |   2 |  441.0 |
       Dungeon |    882 |    882 |      0 |    100 |    619 |   2 |  441.0 |
               +--------+--------+--------+--------+--------+-----+--------+

Top non-repeatable levels by time:
     D:1: 679 daAuts
     D:2: 202 daAuts
